 Dungeon Crawl Stone Soup version 0.28.0-47-ge53b351184 (webtiles) character file.

Game seed: 14451436251430204875

2985 Peloso the Carver (level 9, -13/78 HPs)
             Began as a Minotaur Fighter on Apr 25, 2022.
             Was a Believer of Okawaru.
             Mangled by an orc knight
             ... wielding a +0 glaive
              (28 damage)
             ... in a bailey.
             The game lasted 00:18:19 (7264 turns).

Peloso the Carver (Minotaur Fighter)                Turns: 7264, Time: 00:18:19

Health: -13/78     AC: 16    Str: 24    XL:     9   Next: 53%
Magic:  6/8        EV:  9    Int:  5    God:    Okawaru [**....]
Gold:   664        SH:  6    Dex: 11    Spells: 8/8 levels left

rFire   . . .      SeeInvis .   a - +1 long sword (vorpal)
rCold   + . .      Faith    .   c - +0 buckler
rNeg    . . .      Spirit   .   g - +0 plate armour
rPois   .          Reflect  .   (helmet restricted)
rElec   .          Harm     .   (no cloak)
rCorr   .          Rampage  .   (no gloves)
Will    .....                   (no boots)
Stlth   ..........              (no amulet)
HPRegen 0.23/turn               o - ring of protection from cold
MPRegen 0.11/turn               (no ring)

@: mighty, heroic, hasted, very quick
A: horns 2, retaliatory headbutt
a: Renounce Religion, Heroism


You were in a bailey.
You worshipped Okawaru.
Okawaru was pleased with you.
You visited 2 branches of the dungeon, and saw 8 of its levels.
You also visited: Ossuary and Bailey.

You collected 664 gold pieces.

Inventory:

Hand Weapons
 a - a +1 vorpal long sword (weapon)
Missiles
 l - 32 bolts
Armour
 b - a +0 scale mail
 c - a +0 buckler (worn)
 f - a +0 chain mail
 g - a +0 plate armour (worn)
Jewellery
 o - a ring of protection from cold (left hand)
Wands
 m - a wand of flame (19)
 x - a wand of mindburst (1)
 y - a wand of polymorph (7)
Scrolls
 e - a scroll of fog
 h - 2 scrolls of silence
 j - 2 scrolls of blinking
Potions
 d - 2 potions of might
 i - 4 potions of mutation
 k - a potion of curing {unknown}
 n - a potion of haste
 p - 2 potions of resistance {unknown}
 r - a potion of experience {unknown}
 s - a potion of brilliance
 v - a potion of flight
 w - 2 potions of cancellation {unknown}


   Skills:
 + Level 6.8(11.8) Fighting
 + Level 10.8(15.8) Long Blades
 + Level 8.3(13.3) Armour
 + Level 1.9(6.9) Dodging
 + Level 1.4(6.4) Stealth
 + Level 6.8(11.8) Shields
 + Level 0.8 Invocations
 + Level 1.3 Evocations


You had 8 spell levels left.
You didn't know any spells.
Your spell library contained the following spells:

 Spells                   Type           Power      Damage    Failure   Level
 Freeze                   Ice            0%         1d3       99%         1
 Magic Dart               Conj           0%         1d3       99%         1
 Searing Ray              Conj           0%         2d4       100%        2
 Frozen Ramparts          Ice            0%         1d2       100%        3
 Fulminant Prism          Conj/Hex       0%         3d6       100%        4
 Hailstorm                Conj/Ice       0%         3d3       100%        4
 Summon Small Mammal      Summ           Unusable   N/A       N/A         1
 Call Canine Familiar     Summ           Unusable   N/A       N/A         3
 Summon Guardian Golem    Hex/Summ       Unusable   N/A       N/A         3

Dungeon Overview and Level Annotations

Branches:
Dungeon (7/15)             Temple (1/1) D:4         Ossuary (visited)
 Bailey (1/1)

Altars:
Cheibriados
Kikubaaqudgha
Okawaru
Sif Muna
Uskayaw
Vehumet
Wu Jian
Xom


Innate Abilities, Weirdness & Mutations

You have a pair of horns on your head.
You reflexively headbutt those who attack you in melee.


Message History

You slash the orc!
You kill the orc!
Okawaru accepts your kill.
The orc knight hits you with a +0 glaive!!
* * * LOW HITPOINT WARNING * * *
Items here: ) ? [ †.
You closely miss the orc knight.
The orc knight is moderately wounded.
The orc knight roars a battlecry!
The orc goes into a battle-frenzy!
Unknown command.
You hit the orc knight.
The orc knight is moderately wounded.
You block the orc's attack.
Unknown command.
You feel much better.
The orc knight no longer looks unusually strong.
The orc knight roars a battlecry!
The orc knight goes into a battle-frenzy!
The orc knight hits you with a +0 glaive!
The orc hits you but does no damage.
You barely miss the orc knight.
The orc knight is moderately wounded.
Unknown command.
You hit the orc knight.
You headbutt the orc knight, but do no damage.
The orc knight is heavily wounded.
The orc knight hits you but does no damage.
The orc knight hits you with a +0 glaive!
* * * LOW HITPOINT WARNING * * *
You block the orc's attack.
You slash the orc knight! Your headbutt misses the orc knight.
The orc knight is severely wounded.
Unknown command.
You closely miss the orc knight.
The orc knight is severely wounded.
The orc knight closely misses you. You furiously retaliate!
You headbutt the orc knight.
The orc knight hits you with a +0 glaive!!
You die...

#.##8##)#
#..#.#))#
#.......#
#.......#
#.......#
##.....##
###'###
#...#
#.@o#
#o..#
#oo)#
###)###
##.o)).##
#..)))..#
#..#8#).#
#..#.#..#
#..o....#


You could see 2 orc knights, an orc warrior (strong) and 2 orcs.

Vanquished Creatures
  Grinder (D:5)
  2 swamp worms (D:7)
  2 black bears
  2 orc warriors
  3 ogres
  A necrophage (D:6)
  2 centaurs
  2 phantoms (D:5)
  A kobold brigand (D:6)
  2 bullfrogs (D:7)
  A scorpion (D:6)
  2 wyvern skeletons
  5 wights (D:6)
  3 centaur zombies
  4 human zombies
  2 hounds
  An orc priest (D:3)
  A bullfrog skeleton (D:6)
  2 gnoll shamans (D:6)
  A centaur skeleton (D:7)
  An iguana (D:3)
  3 orc wizards
  A hound zombie (D:5)
  A hound skeleton (D:5)
  2 mummies (Ossuary)
  13 gnolls
  A howler monkey skeleton (D:5)
  11 adders
  3 white imps
  An ufetubus (D:6)
  A worm (D:4)
  2 dart slugs
  31 orcs
  4 bats
  5 endoplasms
  3 giant cockroaches
  10 goblins
  13 hobgoblins
  2 jackals
  13 kobolds
  4 quokkas
  5 ball pythons
  3 frilled lizards
  3 gnoll zombies (Ossuary)
  A goblin zombie (Ossuary)
  A hobgoblin zombie (Ossuary)
  2 orc skeletons (D:4)
  7 orc zombies
  4 rats
  4 bushes (D:2)
195 creatures vanquished.

Vanquished Creatures (others)
  12 plants
12 creatures vanquished.

Grand Total: 207 creatures vanquished

Notes
Turn   | Place    | Note
-------+----------+-------------------------------------------
     0 | D:1      | Peloso the Minotaur Fighter began the quest for the Orb.
     0 | D:1      | Reached XP level 1. HP: 19/19 MP: 0/0
     2 | D:1      | Noticed a spriggan
     2 | D:1      | Noticed a naga
     4 | D:1      | Noticed a felid
     4 | D:1      | Noticed an ogre
     6 | D:1      | Noticed a draconian
     8 | D:1      | Noticed a vine stalker
    10 | D:1      | Noticed a human
    12 | D:1      | Noticed a dwarf
    12 | D:1      | Noticed a ghoul
    14 | D:1      | Noticed an octopode
    16 | D:1      | Noticed an elf
    16 | D:1      | Noticed a minotaur
    18 | D:1      | Noticed a demigod
    18 | D:1      | Noticed a vampire
    20 | D:1      | Noticed a demonspawn
    20 | D:1      | Noticed a tengu
    22 | D:1      | Noticed a gargoyle
    24 | D:1      | Noticed a troll
    24 | D:1      | Noticed a merfolk
    26 | D:1      | Noticed a formicid
   228 | D:1      | Reached XP level 2. HP: 27/27 MP: 1/1
   752 | D:2      | Reached skill level 3 in Long Blades
   783 | D:1      | Reached XP level 3. HP: 20/33 MP: 2/2
   969 | D:2      | Reached XP level 4. HP: 24/40 MP: 3/3
  1214 | D:2      | Found a faded altar of an unknown god.
  1252 | D:2      | Reached skill level 4 in Long Blades
  1512 | D:2      | Found a snail-covered altar of Cheibriados.
  2016 | D:3      | Reached XP level 5. HP: 45/46 MP: 4/4
  2164 | D:3      | Found a shimmering altar of Xom.
  2276 | D:3      | Found an ornate altar of the Wu Jian Council.
  2277 | D:3      | Found an ancient bone altar of Kikubaaqudgha.
  2409 | D:3      | Reached skill level 5 in Long Blades
  2590 | D:4      | Reached XP level 6. HP: 53/53 MP: 5/5
  2636 | D:4      | Reached skill level 5 in Armour
  2651 | D:4      | Found a sand-covered staircase.
  2656 | Ossuary  | Entered an ossuary
  2677 | Ossuary  | Reached skill level 1 in Dodging
  2692 | Ossuary  | Reached skill level 5 in Shields
  2778 | Ossuary  | Reached skill level 6 in Long Blades
  3179 | D:4      | Found a staircase to the Ecumenical Temple.
  3197 | Temple   | Entered the Ecumenical Temple
  3203 | Temple   | Became a worshipper of Warmaster Okawaru
  3392 | D:4      | Found a snail-covered altar of Cheibriados.
  3433 | D:5      | Entered Level 5 of the Dungeon
  3448 | D:5      | Noticed Grinder
  3453 | D:5      | Paralysed by Grinder for 6 turns
  3599 | D:5      | Killed Grinder
  3600 | D:5      | Reached skill level 7 in Long Blades
  3600 | D:5      | Reached XP level 7. HP: 41/60 MP: 6/6
  3805 | D:5      | Reached * piety under Okawaru
  3806 | D:5      | Reached skill level 5 in Fighting
  3995 | D:5      | Found a hide-covered altar of Uskayaw.
  4029 | D:5      | Reached skill level 8 in Long Blades
  4029 | D:5      | Reached skill level 1 in Evocations
  4194 | D:5      | Reached XP level 8. HP: 56/68 MP: 7/7
  4706 | D:5      | Reached skill level 1 in Stealth
  5139 | D:6      | Reached skill level 9 in Long Blades
  5280 | D:6      | Reached ** piety under Okawaru
  5786 | D:6      | Reached XP level 9. HP: 44/74 MP: 5/8
  5799 | D:6      | Reached skill level 10 in Long Blades
  6288 | D:6      | Found a radiant altar of Vehumet.
  6683 | D:7      | Found a shimmering blue altar of Sif Muna.
  6853 | D:7      | Found a flagged portal.
  6876 | Bailey   | Entered a bailey
  7219 | Bailey   | Noticed an orc knight
  7219 | Bailey   | Noticed an orc knight
  7264 | Bailey   | Mangled by an orc knight

Illustrated notes

Levels and vault maps discovered:
D:1:      kb_arrival_jail, layout_loops_ring, minmay_distorted
D:2:      layout_rooms, hellmonk_ecumenical_altar_lost_god, basic_altar,
          serial_forest, infiniplex_forest_lined_2,
          infiniplex_forest_clump_medium, infiniplex_forest_straight_5,
          infiniplex_forest_lined_room_2, infiniplex_forest_fountain,
          infiniplex_forest_side_room, infiniplex_forest_lined_3_way,
          minmay_pentomino_x2
D:3:      layout_rooms, nicolae_overflow_crystal_walls,
          gammafunk_temple_overflow_pools
D:4:      layout_rooms, cheibrodos_worm_habitat, minmay_temple_entry_hall,
          nicolae_ossuary_entry_catacombs
D:5:      corexii_shack_village, layout_basic, eat_drink_and_be_merry_uskayaw,
          kennysheep_dice, uniq_grinder
D:6:      layout_cave_pods, marbit_many_paths, minmay_puff
D:7:      layout_basic, kennysheep_mini, enter_bailey_5, worms_lemuel,
          uniq_pikel
Temple:   dshaligram_water_room_temple
Bailey:   bailey_polearm_5, bailey

Skill      XL: |  1  2  3  4  5  6  7  8  9 |
---------------+----------------------------+-----
Shields        | 4 5 6 |  6.8
Long Blades    | 3 4 5 7 8 9 10 | 10.8
Fighting       | 4 5 6 |  6.8
Armour         | 4 5 6 7 8 |  8.3
Dodging        | 1 |  1.9
Evocations     | 1 |  1.3
Stealth        | 1 |  1.4
Invocations    | |  0.8

Action                   |  1- 3 |  4- 6 |  7- 9 || total
-------------------------+-------+-------+-------++-------
Melee: Long sword        |    51 |   339 |   287 ||   677
       Headbutt          |     7 |    88 |    47 ||   142
Invok: Heroism           |       |       |     9 ||     9
Evoke: Wand              |       |     1 |    11 ||    12
  Use: Potion            |     3 |       |     4 ||     7
       Scroll            |     3 |     1 |     8 ||    12
Armor: Scale mail        |    11 |       |       ||    11
       Chain mail        |    32 |   122 |    72 ||   226
       Plate armour      |       |       |    55 ||    55
Dodge: Dodged            |    25 |    89 |   110 ||   224
Block: Buckler           |    25 |    49 |    78 ||   152
